Map: Deathaura LE

Players

A.I. 1 (Very Easy)

  • Race: Protoss Protoss
  • Spawn Location: 5:00

Random - Winner!

  • Race: Zerg Zerg
  • Spawn Location: 11:00

VOD

Have the link to the VOD?

Description

Time

  • Played on: Nov. 13, 2020, 7:34 a.m.
  • Length: 5:03
Show
View Real Time Build Order
Export as new Build Order

A.I. 1 (Very Easy) Protoss 

Build Orders:  

Get SALT Encoding   

  6  0:00  Probe  
  13  0:13  Probe  
  14  0:20  Pylon  
  14  0:36  Assimilator  
  14  0:42  Gateway  
  14  0:46  Pylon  
  14  1:14  Assimilator  
  14  1:23  Probe  
  14  1:29  Zealot  
  14  1:31  Probe  
  17  1:34  Cybernetics Core  
  17  1:39  Probe  
  19  1:50  Probe  
  20  2:00  Probe  
  20  2:08  Probe  
  21  2:10  Warp Gate  
  22  2:38  Zealot  
  22  2:41  Pylon  
  22  2:59  Zealot  
  24  3:18  Probe  
  24  3:35  Zealot  
  26  4:20  Zealot  
  26  4:24  Probe  
  14  4:36  Probe  
  2  4:48  Zealot, Probe  
Show
View Real Time Build Order
Export as new Build Order

Random Zerg - Winner!

Build Orders: Pool First 

Get SALT Encoding   

  6  0:00  Drone  
  13  0:12  Overlord  
  13  0:16  Drone  
  14  0:30  Drone x2  
  14  0:34  Drone  
  17  0:45  Spawning Pool  
  17  0:47  Extractor  
  17  0:49  Drone  
  16  0:56  Drone  
  17  1:15  Hatchery  
  17  1:18  Drone  
  17  1:32  Zergling x2  
  17  1:33  Zergling x2  
  17  1:38  Zergling x2  
  20  1:47  Lair  
  20  1:56  Extractor  
  20  1:57  Drone  
  20  2:05  Drone  
  21  2:10  Drone  
  22  2:22  Metabolic Boost  
  22  2:31  Zergling x4  
  23  2:52  Nydus Network  
  23  2:53  Zergling x4  
  23  2:54  Zergling x6  
  27  3:04  Overlord  
  25  3:20  Zergling x2  
  25  3:21  Zergling x4  
  25  3:24  Queen, Zergling x2  
  25  3:26  Overlord  
  31  3:35  Nydus Canal  
  31  3:38  Zergling x2  
  32  3:42  Zergling x2  
  33  3:51  Zergling x4  
  35  3:58  Nydus Canal  
  35  4:02  Zergling x2  
  36  4:03  Zergling x2  
  35  4:29  Zergling x10  
Tags
 
Matchup
PvZ
Opening
Pool First
Spawn Locations
Cross Positions
Add a new tag
Caveats
  • Supply blocks, unpowered buildings, or Contaminate may cause inaccurate times.
  • Supply counts are checked every 10 seconds.